 Dungeon Crawl Stone Soup version 0.17-a0-1952-ge2ddec9 (webtiles) character file.

5018 Sixotanaka the Geomancer (level 10, 0/56 HPs)
             Began as an Octopode Earth Elementalist on Oct 3, 2015.
             Was a Follower of Vehumet.
             Slain by a wight
             ... wielding a cursed +2 morningstar
              (12 damage)
             ... on level 9 of the Dungeon.
             The game lasted 00:29:04 (13262 turns).

Sixotanaka the Geomancer (OpEE)                    Turns: 13262, Time: 00:29:04

Health: 0/56       AC:  1    Str: 10    XL:     10   Next: 55%
Magic:  11/22      EV: 13    Int: 23    God:    Vehumet [*.....]
Gold:   324        SH:  0    Dex: 16    Spells: 4 memorised, 1 level left

rFire  . . .     SeeInvis +     b - +1 dagger (speed)
rCold  + . .     Clarity  .     (no shield)
rNeg   . . .     SustAt   +     (helmet restricted)
rPois  .         Gourm    .     (no amulet)
rElec  .         Spirit   .     l - +4 ring of dexterity
rCorr  .         Warding  .     o - ring of protection from cold
rMut   .         Stasis   .     q - ring of magical power
MR     .....                    i - ring "Xeklan" {Str+2 Int+2 Stlth+}
Stlth  +++++.....               n - ring of see invisible
                                u - ring of sustain attributes
                                (no ring)
                                (no ring)

@: about to teleport, not resistant to hostile enchantments, quite stealthy
A: almost no armour, amphibious, 8 rings, constrict 8, camouflage 1, gelatinous
body 1
a: Renounce Religion


You were on level 9 of the Dungeon.
You worshipped Vehumet.
Vehumet was aware of your devotion.
You were hungry.

You visited 2 branches of the dungeon, and saw 10 of its levels.

You collected 420 gold pieces.
You spent 96 gold pieces at shops.


Innate Abilities, Weirdness & Mutations

You cannot wear most types of armour.
You are amphibious.
You can wear up to eight rings at the same time.
You can use your tentacles to constrict eight enemies at once.
Your skin changes colour to match your surroundings (Stealth).
Your rubbery body absorbs attacks (AC +1).


   Skills:
 - Level 2.5 Dodging
 - Level 3.3 Stealth
 - Level 2.4 Spellcasting
 - Level 10.0 Conjurations
 - Level 1.0 Transmutations
 + Level 11.4 Earth Magic


You had one spell level left.
You knew the following spells:

 Your Spells              Type           Power        Failure   Level  Hunger
x - Stone Arrow           Conj/Erth      ######       1%          3    ###....
y - Passwall              Trmt/Erth      ####......   3%          3    ###....
z - Sandblast             Erth           ######       1%          1    None
X - Lee's Rapid Deconstr  Erth           ######....   3%          5    ######.


Dungeon Overview and Level Annotations

Branches:
Dungeon (9/15)             Temple (1/1) D:7
   Lair: D:8-11         Orc: D:9-12

Altars:
Ashenzari
Cheibriados
Dithmenos
Elyvilon
Fedhas
Gozag
Kikubaaqudgha
Makhleb
Nemelex Xobeh
Okawaru
Qazlal
Ru
Sif Muna
Trog
Vehumet
Xom
Yredelemnul
Zin
The Shining One

Shops:
D:6 [   D:7 ?

Annotations:
D:5 Geeful's ghost, experienced VSEn

Inventory:

Hand weapons
 b - a +1 dagger of speed (weapon)
   (You took it off a goblin on level 3 of the Dungeon)
Missiles
 a - 161 stones (quivered)
 h - 75 poisoned needles
 r - 17 tomahawks
 A - 2 throwing nets
Jewellery
 i - the ring "Xeklan" (on tentacle) {Str+2 Int+2 Stlth+}
   (You found it on level 4 of the Dungeon)

   [ring of intelligence]

   It affects your strength (+2).
   It affects your intelligence (+2).
   It makes you more stealthy.
 l - a +4 ring of dexterity (left tentacle)
 n - a ring of see invisible (on tentacle)
 o - a ring of protection from cold (right tentacle)
 q - a ring of magical power (on tentacle)
 u - a ring of sustain attributes (on tentacle)
Magical devices
 e - a wand of slowing (23)
 k - a wand of confusion (34)
 p - a wand of frost (30)
 C - a wand of random effects (20)
Scrolls
 y - a scroll of teleportation {@r4}
 D - 3 scrolls of fog {unknown}
 E - a scroll of fear
 F - 2 scrolls of remove curse {@r2}
 I - a scroll of silence {unknown}
Potions
 d - 2 potions of cancellation
 f - a potion of agility
 g - 3 potions of heal wounds {@q2}
 m - a potion of might
 t - 6 potions of curing {@q1}
 v - a potion of berserk rage {unknown}
 w - a potion of magic {unknown}
 x - 2 potions of flight
 z - a potion of poison {unknown}
 B - a potion of brilliance {unknown}
Books
 s - a book of Geomancy
Comestibles
 c - 6 bread rations
 j - 3 meat rations
 G - 9 chunks of flesh

############## ........#
#............# ........#
#............# ........#
#............# ........#
#............# ........#
#......).....#
........#####...@z.......#
........................?.
................z.........
.......#########zo####....
..(....# #..# ....
...[[%.# #o.# ... .......#
#.o# .. ....[..##### #.o#
....<....... z..


You could see an orc warrior (wandering), 3 wights, an orc priest and 2 orcs.


Message History

You see here 2 inedible chunks of flesh.
Things that are here:
a robe; a dagger
Things that are here:
a chain mail; a club There isn't anything to butcher here.
Things that are here:
3 tomahawks of returning; a hand axe; an orc corpse You butcher the orc corpse.
G - 9 chunks of flesh (gained 1)
Things that are here:
3 tomahawks of returning; a hand axe You start resting.
Found 12 gold pieces.
You now have 324 gold pieces (gained 12).
A wight comes into view.
It is wielding an enchanted morningstar.
Found a short runed staff.
A wight is nearby!
A centaur and 2 wights come into view.
Found 12 gold pieces.
Casting: Sandblast
Aiming: Stone Arrow
Aim: a wight, wielding an enchanted morningstar and wearing a robe (resting)
The stone arrow hits the wight.
An orc priest comes into view. It is wielding a flail.
Casting: Stone Arrow
Aiming: Lee's Rapid Deconstruction The wall shatters!
The blast of rock fragments hits the wight.
You destroy the wight!
Vehumet accepts your kill.
A wight comes into view.
It is wielding an enchanted short sword.
Casting: Lee's Rapid Deconstruction
Aiming: Lee's Rapid Deconstruction
Okay, then.
The centaur shouts!
The centaur wields a shortbow.
The centaur shoots an arrow of dispersal.
The arrow of dispersal hits you.
You blink.
Found a scroll labeled TECEISE LIUPN.
The centaur shoots an arrow of dispersal.
The arrow of dispersal closely misses you.
Casting: Lee's Rapid Deconstruction
Aiming: Stone Arrow
Aim: a centaur, wielding a shortbow The stone arrow hits the centaur.
You are feeling hungry.
The centaur shoots an arrow of dispersal.
The arrow of dispersal barely misses you.
The orc priest invokes the aid of Beogh against you.
Something smites you!
Casting: Stone Arrow
Aiming: Stone Arrow
Aim: a centaur, wielding a shortbow (heavily wounded)
The stone arrow hits the centaur.
You kill the centaur!
Vehumet accepts your kill.
You feel your power returning.
An orc comes into view. It is wielding a dagger.
The wight hits you with an enchanted morningstar!
* * * LOW HITPOINT WARNING * * *
The orc priest calls down the wrath of Beogh upon you.
Something smites you!
* * * LOW HITPOINT WARNING * * *
An orc comes into view. It is wielding a flail.
Read which item? (? for menu, Esc to quit)
As you read the scroll of teleportation {@r4}, it crumbles to dust.
You feel strangely unstable.
The wight hits you with an enchanted morningstar!
You die...

Action                   |  1- 3 |  4- 6 |  7- 9 | 10-12 || total
-------------------------+-------+-------+-------+-------++-------
Melee: Unarmed           |    14 |       |       |       ||    14
       Club              |    40 |    13 |       |       ||    53
       Dagger            |       |    17 |    60 |     3 ||    80
 Cast: Sandblast         |    54 |    63 |   111 |     6 ||   234
       Stone Arrow       |       |    29 |   118 |    52 ||   199
       Lee's Rapid Decon |       |       |     3 |     1 ||     4
  Use: Scroll            |     4 |     5 |     8 |     1 ||    18
       Potion            |       |       |     1 |       ||     1
 Stab: Sleeping          |    13 |     7 |     2 |     1 ||    23
       Distracted        |       |       |     1 |       ||     1
  Eat: Chunk             |     4 |    11 |    14 |     7 ||    36
       Beef jerky        |       |     1 |     1 |     1 ||     3
       Bread ration      |       |     1 |       |       ||     1
       Meat ration       |       |       |     3 |       ||     3
       Pizza             |       |       |     1 |       ||     1
       Fruit             |       |       |       |     1 ||     1

Vault maps used:
D:1:      dpeg_arrival_pond
D:2:      tgw_kikubaaqudgha
D:3:      overflow_temple_1_default, ecumenical_altar_2
D:5:      first_bread, nicolae_ru_awakened_eye
D:6:      serial_shops, nicolae_shop_statue_plus, uniq_sigmund,
          uniq_blork_the_orc
D:7:      minmay_temple_entry_mist, serial_shops, nicolae_shop_behind_doors,
          enter_ossuary_1
D:8:      basic_altar
D:9:      serial_shops, nicolae_shop_stone, the_bakery, minmay_another_anthill
Temple:   grunt_circular_temple_18

Notes
Turn   | Place    | Note
--------------------------------------------------------------
     0 | D:1      | Sixotanaka the Octopode Earth Elementalist began the quest for the Orb.
     0 | D:1      | Reached XP level 1. HP: 11/11 MP: 3/3
   441 | D:1      | Reached skill level 3 in Stealth
   441 | D:1      | Reached XP level 2. HP: 17/17 MP: 5/5
  1315 | D:2      | Reached XP level 3. HP: 21/21 MP: 6/6
  1320 | D:2      | Learned a level 3 spell: Passwall
  2205 | D:2      | Reached XP level 4. HP: 23/27 MP: 4/7
  2212 | D:2      | Reached skill level 4 in Earth Magic
  2526 | D:2      | Found an ancient bone altar of Kikubaaqudgha.
  2530 | D:2      | Noticed a human
  2532 | D:2      | Killed a human
  2608 | D:2      | Learned a level 3 spell: Stone Arrow
  2909 | D:3      | Reached skill level 1 in Conjurations
  2975 | D:3      | HP: 4/27 [orc/hand axe (4)]
  3552 | D:3      | Reached skill level 2 in Conjurations
  3552 | D:3      | Reached XP level 5. HP: 28/31 MP: 8/8
  3554 | D:3      | HP: 6/31 [orc priest/flail of venom (5)]
  4145 | D:3      | Reached skill level 3 in Conjurations
  4250 | D:3      | Found a faded altar to an unknown god.
  4492 | D:3      | Reached XP level 6. HP: 36/36 MP: 9/9
  4557 | D:3      | Found a shadowy altar of Dithmenos.
  4594 | D:4      | Reached skill level 4 in Conjurations
  4726 | D:4      | Reached skill level 5 in Conjurations
  5096 | D:4      | Got a glittering granite ring
  5097 | D:4      | Identified the ring "Xeklan" {Str+2 Int+2 Stlth+} (You found it on level 4 of the Dungeon)
  5335 | D:4      | Reached XP level 7. HP: 35/41 MP: 10/10
  5724 | D:5      | Entered Level 5 of the Dungeon
  5753 | D:5      | Noticed Geeful's ghost (experienced VSEn)
  5882 | D:4      | Reached skill level 6 in Conjurations
  6066 | D:5      | Reached skill level 7 in Conjurations
  6149 | D:5      | Found a sacrificial altar of Ru.
  6350 | D:4      | Reached XP level 8. HP: 33/46 MP: 10/11
  6596 | D:5      | Noticed a hungry ghost
  6826 | D:5      | Reached skill level 8 in Conjurations
  7213 | D:5      | Killed a hungry ghost
  7390 | D:6      | Noticed Blork the orc
  7628 | D:6      | Noticed Sigmund
  7631 | D:6      | Killed Sigmund
  7631 | D:6      | Reached skill level 9 in Conjurations
  7854 | D:6      | Found Nalarchax's Armour Emporium.
  7962 | D:6      | Reached skill level 10 in Conjurations
  8087 | D:6      | Reached XP level 9. HP: 51/51 MP: 8/12
  8214 | D:6      | Reached skill level 5 in Earth Magic
  8389 | D:6      | Killed Blork the orc
  8891 | D:6      | Reached skill level 6 in Earth Magic
  9221 | D:7      | Found Zeamon's Magic Scroll Boutique.
  9224 | D:7      | Bought a scroll of remove curse for 48 gold pieces
  9224 | D:7      | Bought a scroll of remove curse for 48 gold pieces
  9278 | D:6      | Reached skill level 7 in Earth Magic
  9460 | D:6      | Learned a level 5 spell: Lee's Rapid Deconstruction
  9487 | D:7      | HP: 12/51 [poisoned by a killer bee]
  9492 | D:7      | HP: 8/51 [poisoned by a killer bee]
  9498 | D:6      | HP: 5/51 [poisoned by a killer bee]
  9504 | D:6      | HP: 3/51 [poisoned by a killer bee]
  9512 | D:6      | HP: 3/51 [poisoned by a killer bee]
  9520 | D:6      | HP: 2/51 [poisoned by a killer bee]
 10272 | D:7      | Reached skill level 8 in Earth Magic
 10984 | D:7      | Reached skill level 9 in Earth Magic
 11261 | D:7      | Found a staircase to the Ecumenical Temple.
 11314 | Temple   | Entered the Ecumenical Temple
 11369 | Temple   | Became a worshipper of Vehumet
 11627 | D:8      | Reached XP level 10. HP: 56/56 MP: 13/13
 11747 | D:8      | Reached skill level 10 in Earth Magic
 12096 | D:8      | Found a deep blue altar of Sif Muna.
 12674 | D:8      | Noticed a green ugly thing
 12683 | D:8      | Killed a green ugly thing
 12683 | D:8      | Reached skill level 11 in Earth Magic
 13096 | D:9      | Acquired Vehumet's first power
 13096 | D:9      | Offered knowledge of Flame Tongue by Vehumet.
 13261 | D:9      | HP: 11/56 [orc priest/divine providence (15)]
 13262 | D:9      | Slain by a wight

Vanquished Creatures
  An ugly thing (D:8)
  Sigmund (D:6)
  A hungry ghost (D:5)
  A hippogriff (D:8)
  A water moccasin (D:8)
  2 sky beasts
  6 ogres
  5 phantoms
  3 orc warriors
  2 centaurs
  4 ice beasts
  Blork the orc (D:6)
  4 giant frogs (D:6)
  A water moccasin zombie (D:6)
  A wyvern skeleton (D:6)
  A scorpion (D:9)
  3 killer bees
  A wight (D:9)
  7 crimson imps
  3 jellies
  A giant frog zombie (D:7)
  5 hounds
  3 centaur skeletons
  A gnoll shaman (D:7)
  6 orc priests
  3 giant frog skeletons
  3 worker ants
  5 iguanas
  6 orc wizards
  A hound zombie (D:5)
  A hound skeleton (D:4)
  A worker ant zombie (D:6)
  7 gnolls
  11 adders
  5 worms
  4 giant geckos
  20 orcs
  9 bats
  9 giant cockroaches
  7 goblins
  12 hobgoblins
  5 jackals (D:3)
  5 quokkas
  2 ball pythons
  A giant gecko skeleton (D:4)
  7 giant newts
  7 kobolds
  A quokka zombie (D:6)
  8 rats
205 creatures vanquished.

Vanquished Creatures (others)
  A human (D:2)
1 creature vanquished.

Grand Total: 206 creatures vanquished
